[Event "*** Titled Tuesday Blitz"]
[Site "Chess.com"]
[Date "2020.04.28"]
[Round "9"]
[White "axvesik"]
[Black "ItsCheckM8Mate"]
[Result "1-0"]
[WhiteElo "2465"]
[BlackElo "2268"]
[TimeControl "180+1"]
[EndTime "11:45:56 PDT"]
[Termination "axvesik won by resignation"]

1. e4 e5 2. Nf3 Nc6 3. Bb5 g6 4. d4 exd4 5. c3 d3 6. Qxd3 Bg7 7. O-O Nge7 8. Bf4 O-O 9. Nbd2 d6 10. Rad1 a6 11. Ba4 Be6 12. Nd4 Nxd4 13. cxd4 d5 14.
e5 h6 15. Rc1 c6 16. Bc2 Bf5 17.
Qe2 Bxc2 18. Rxc2 Qd7 19. Nb3 Nf5 20. h3 Qe7 21. Qd2 Kh7 22. Na5 f6 23. Re1 Rae8 24. Qd3 fxe5 25. Bxe5 Qb4 26. Qc3 Qxc3 27. bxc3 Rf7 28.
Rb2 Nd6 29. f4 g5 30. Reb1 Nb5 31. a4 Nxc3 32. Rxb7 Ree7 33. Rxe7 Rxe7 34. Rb6 Nxa4 35. Rxa6 Bxe5 36. fxe5 c5 37. Nc6 Rc7 38. e6 cxd4 39.
e7 Rc8 40. Rxa4 1-0

[Event "*** Titled Tuesday Blitz"]
[Site "Chess.com"]
[Date "2020.04.28"]
[Round "9"]
[White "ahachess"]
[Black "TheCount"]
[Result "0-1"]
[WhiteElo "2365"]
[BlackElo "2606"]
[TimeControl "180+1"]
[EndTime "11:45:56 PDT"]
[Termination "TheCount won on time"]

1. d4 Nf6 2. c4 g6 3. Nc3 d5 4.
Bf4 Bg7 5. e3 O-O 6. Rc1 Be6 7.
Qb3 c5 8. dxc5 Nc6 9. Qxb7 Na5 10. Qc7 Nxc4 11. Qxd8 Rfxd8 12. b4 d4 13. Bxc4 Bxc4 14. exd4 Nd5 15. Be3 Nxb4 16. Nge2 Nd3+ 17. Kd2 Nxc1 18. Rxc1 e5 19. d5 Bxd5 20. Nxd5 Rxd5+ 21. Ke1 Rc8 22.
c6 Rc7 23. Nc3 Ra5 24. Rb1 h6 25. Rb8+ Kh7 26. Rb7 Rxc6 27. Ne4 f5 28. Nd2 Rxa2 0-1

[Event "*** Titled Tuesday Blitz"]
[Site "Chess.com"]
[Date "2020.04.28"]
[Round "9"]
[White "ErikRonka"]
[Black "ntmh281"]
[Result "1-0"]
[WhiteElo "2409"]
[BlackElo "2260"]
[TimeControl "180+1"]
[EndTime "11:45:57 PDT"]
[Termination "ErikRonka won by resignation"]

1. d4 d5 2. Nf3 c6 3. c4 Nf6 4. Nc3 e6 5. e3 Nbd7 6. b3 Bb4 7. Bd2 Bd6 8. Be2 O-O 9. O-O Qe7 10. Qc2 a6 11. e4 dxe4 12. Nxe4 Nxe4 13. Qxe4 e5 14.
Bg5 f6 15. Bh4 g5 16. dxe5 Nxe5 17. c5 Bxc5 18. Bg3 Nxf3+ 19. Qxf3 f5 20. Bc4+ Kg7 21. Rfe1 Qd8 22. Be5+ Kg6 23. Rad1 Qb6 24. h4 g4 25.
Qf4 h6 26. h5+ Kh7 27. Bd6 Bxd6 28. Rxd6 Rf6 1-0

[Event "*** Titled Tuesday Blitz"]
[Site "Chess.com"]
[Date "2020.04.28"]
[Round "9"]
[White "Morshynska"]
[Black "levallem"]
[Result "1-0"]
[WhiteElo "2123"]
[BlackElo "2200"]
[TimeControl "180+1"]
[EndTime "11:45:57 PDT"]
[Termination "Morshynska won by resignation"]

1. e4 c5 2. Nf3 Nc6 3. c4 g6 4. d4 cxd4 5. Nxd4 Nf6 6. Nc3 Nxd4 7. Qxd4 d6 8. e5 dxe5 9. Qxe5 Bg7 10. Be2 O-O 11.
O-O Bg4 12. Bxg4 Nxg4 13. Qg3 Nf6 14. Rd1 Qa5 15. Bg5 Rad8 16. h3 Qb4 17. Nd5 Nxd5 18. cxd5 Rd7 19. Rd2 Rfd8 20. Rad1 h6 21. Bf4 g5 22.
Bc7 Rc8 23. d6 exd6 24. Bxd6 Rcd8 25. Bxb4 Rxd2 26. Rxd2 Re8 27. Bc3 Bf8 28. Kh2 Rc8 29. Qd3 Re8 30. Qd4 f5 31. Qd5+ Kh7 32. Qf7+ 1-0

[Event "*** Titled Tuesday Blitz"]
[Site "Chess.com"]
[Date "2020.04.28"]
[Round "9"]
[White "Arjun2002"]
[Black "Generalas"]
[Result "1-0"]
[WhiteElo "2695"]
[BlackElo "2416"]
[TimeControl "180+1"]
[EndTime "11:45:58 PDT"]
[Termination "Arjun2002 won by resignation"]

1. e4 e5 2. Nf3 Nc6 3. Bc4 Nf6 4. d3 Be7 5. O-O O-O 6. Re1 d6 7. a4 Be6 8. Nbd2 Kh8 9. a5 a6 10. c3 Nd7 11. b4 Bxc4 12. Nxc4 f5 13. exf5 Rxf5 14.
Ne3 Rf8 15. Nd5 Nf6 16. Qb3 Nxd5 17. Qxd5 Bf6 18. Bd2 Qd7 19. b5 axb5 20. Qxb5 Ra7 21. Be3 Ra6 22. Qxb7 Rxa5 23. Rxa5 Nxa5 24. Qa6 Nc6 25. Rb1 e4 26. dxe4 Bxc3 27. Qc4 Ba5 28. Rc1 Ne5 29. Nxe5 dxe5 30. Qc5 Ra8 31. Qxe5 Bd2 32.
Rd1 Bc3 33. Qh5 Qe6 34. Qc5 Be5 35. g3 h6 36. Qd5 Qf6 37. Qxa8+ 1-0

[Event "*** Titled Tuesday Blitz"]
[Site "Chess.com"]
[Date "2020.04.28"]
[Round "9"]
[White "tteshan"]
[Black "j2806"]
[Result "1-0"]
[WhiteElo "2230"]
[BlackElo "1966"]
[TimeControl "180+1"]
[EndTime "11:45:58 PDT"]
[Termination "tteshan won by resignation"]

1. e4 c5 2. Nf3 d6 3. d4 cxd4 4.
Nxd4 Nf6 5. f3 a6 6. c4 g6 7. Be3 Bg7 8. Nc3 Nc6 9. Be2 O-O 10. O-O Bd7 11. Qd2 Rc8 12. Rac1 Ne5 13. b3 a5 14. Rfd1 a4 15. Nxa4 Bxa4 16. bxa4 Ra8 17. Qb4 Qc7 18. c5 Nc6 19. Nxc6 bxc6 20. cxd6 exd6 21. Rxd6 Rxa4 22. Qxa4 Qxd6 23. Qxc6 Qxc6 24. Rxc6 Ra8 25. Rc2 Nd7 26. Bc4 Kf8 27. Bb5 Ne5 28. a4 Ke7 29. Rc7+ Kd6 30. Rc2 Nd7 31. Rd2+ Ke5 32. Rxd7 Ke6 33. Ra7 Rxa7 34.
Bxa7 Bc3 35. Kf2 Kd6 36. Ke3 Ba5 37. Kd4 Kc7 38. Bc5 Kb7 39. Ke5 Bb6 40. Bxb6 Kxb6 41. Kf6 Ka5 42. Kxf7 h5 43. Kxg6 h4 44. e5 h3 45. gxh3 Kb4 46. e6 Ka5 47. e7 1-0

[Event "*** Titled Tuesday Blitz"]
[Site "Chess.com"]
[Date "2020.04.28"]
[Round "9"]
[White "Hippotaner"]
[Black "annacramling"]
[Result "1-0"]
[WhiteElo "2228"]
[BlackElo "1930"]
[TimeControl "180+1"]
[EndTime "11:45:58 PDT"]
[Termination "Hippotaner won on time"]

1. e4 c5 2. Nf3 a6 3. a4 Nc6 4.
g3 g6 5. Bg2 Bg7 6. O-O d6 7.
d3 Nf6 8. Nc3 O-O 9. Be3 Bg4 10.
h3 Bxf3 11. Bxf3 Nd7 12. Qd2 Nde5 13. Bg2 Nd7 14. f4 Rc8 15. g4 Nd4 16. Kh2 h6 17.
Rae1 b5 18. axb5 axb5 19. Nd1 e6 20. c3 Nb3 21. Qc2 c4 22. d4 e5 23. fxe5 dxe5 24. d5 Ndc5 25. Bxc5 Nxc5 26. Ne3 Nd3 27. Ra1 Ra8 28.
b3 Qb6 29. Rxa8 Rxa8 30. Nd1 Qa6 31. bxc4 bxc4 32. Ne3 Qa2 33. Qxa2 Rxa2 34. Nxc4 Nf4 35. Rg1 Rc2 36. d6 Rxc3 37. d7 Rd3 38. Nb6 Bf6 39. Nd5 Nxd5 40. exd5 Rd2 41. Rc1 1-0

[Event "*** Titled Tuesday Blitz"]
[Site "Chess.com"]
[Date "2020.04.28"]
[Round "9"]
[White "FROGGY64"]
[Black "morfius"]
[Result "1-0"]
[WhiteElo "2475"]
[BlackElo "2598"]
[TimeControl "180+1"]
[EndTime "11:45:59 PDT"]
[Termination "FROGGY64 won by resignation"]

1. d4 Nf6 2. c4 c5 3. d5 b5 4.
Qc2 Bb7 5. e4 bxc4 6. Bxc4 e6 7.
Nc3 exd5 8. exd5 d6 9. Nf3 Be7 10. O-O O-O 11. Bf4 Nbd7 12. Rfe1 Nb6 13. Qd3 Nxc4 14.
Qxc4 Re8 15. Rad1 Qb6 16. b3 Bf8 17. Bg5 Nd7 18. h3 Qb4 19. Nb5 Rxe1+ 20. Rxe1 Qxc4 21. bxc4 Nb6 22. Nd2 a6 23. Nc3 Nd7 24. Bf4 Nf6 25. Rb1 Bc8 26. Rb6 Nd7 27. Rc6 Bb7 28. Rc7 Bc8 29.
Nde4 Ne5 30. Bxe5 dxe5 31. Nxc5 Rb8 32. N3e4 h6 33. Kh2 f5 34. Ng3 g6 35. Nd7 Bxd7 36.
Rxd7 Rc8 37. Ra7 Rxc4 38. Rxa6 Rc2 39. Rxg6+ Kf7 40. Ra6 Rxf2 41. a4 e4 42. Ra7+ Kf6 43.
a5 Bd6 44. Rd7 Be5 45. a6 f4 46. Nxe4+ Kf5 47. Nxf2 1-0

[Event "*** Titled Tuesday Blitz"]
[Site "Chess.com"]
[Date "2020.04.28"]
[Round "9"]
[White "talman67"]
[Black "TheNomNomFactor"]
[Result "1-0"]
[WhiteElo "2567"]
[BlackElo "2406"]
[TimeControl "180+1"]
[EndTime "11:45:59 PDT"]
[Termination "talman67 won by checkmate"]

1. e4 e5 2. Nf3 Nc6 3. Bb5 a6 4. Ba4 d6 5. O-O Bg4 6. h3 h5 7. d4 b5 8. Bb3 Nxd4 9. hxg4 Nxb3 10. axb3 hxg4 11. Ng5 Qd7 12. Qd3 f6 13. Ne6 Qxe6 14. Rxa6 Rxa6 15. Qxb5+ Kd8 16. Qxa6 Qf7 17. f3 g3 18. Rd1 Qh5 19. Kf1 Qh1+ 20. Ke2 Qxg2+ 21. Ke3 Qf2+ 22. Kd3 Qxf3+ 23. Kc4 Qxd1 24. Qa8+ Ke7 25.
Nc3 Qd4+ 26. Kb5 Kf7 27. Kc6 Ne7+ 28. Kd7 f5 29. Qe8+ Kf6 30. Nd5+ Nxd5 31. Qe6# 1-0

[Event "*** Titled Tuesday Blitz"]
[Site "Chess.com"]
[Date "2020.04.28"]
[Round "9"]
[White "ChrisTool2"]
[Black "annamaja"]
[Result "0-1"]
[WhiteElo "2357"]
[BlackElo "2242"]
[TimeControl "180+1"]
[EndTime "11:46:00 PDT"]
[Termination "annamaja won by checkmate"]

1. d4 Nf6 2. c4 e6 3. Nf3 d5 4. Nc3 a6 5. cxd5 exd5 6. Bg5 Be7 7. e3 O-O 8. Bd3 Be6 9. O-O Nbd7 10. Rc1 c6 11.
Ne2 Ne4 12. Bxe7 Qxe7 13. Bxe4 dxe4 14. Nd2 f5 15. Nf4 Nf6 16. Nxe6 Qxe6 17. Qb3 Nd5 18. Qxb7 Rfc8 19. Nc4 Rcb8 20. Na5 Rxb7 21. Nxb7 Rb8 22. Nc5 Qd6 23. b3 a5 24. Rc2 Nb4 25. Rd2 Re8 26.
a3 Nd5 27. g3 g5 28. Kh1 f4 29. gxf4 gxf4 30. Rg1+ Kh8 31. Re2 f3 32. Ree1 Nc3 33.
Rg4 h5 34. Rg5 Qh6 35. h4 Rg8 36. Reg1 Rxg5 37. Rxg5 Qf6 38. Nd7 Qe6 39. Rxh5+ Kg7 40. Rg5+ Kh6 41. Ne5 Qh3+ 42. Kg1 Ne2# 0-1

[Event "*** Titled Tuesday Blitz"]
[Site "Chess.com"]
[Date "2020.04.28"]
[Round "9"]
[White "Aygehovit1992"]
[Black "okriak"]
[Result "1/2-1/2"]
[WhiteElo "2681"]
[BlackElo "2830"]
[TimeControl "180+1"]
[EndTime "11:46:03 PDT"]
[Termination "Game drawn - insufficient material"]

1. e4 e5 2. Bc4 Nc6 3. d3 Nf6 4. Nc3 Na5 5. Nge2 Be7 6. a4 Nxc4 7. dxc4 d6 8. O-O Be6 9. Qd3 c6 10. f3 O-O 11. Be3 Qc7 12. Rfd1 Rfd8 13. Ng3 Nd7 14.
Nf5 Nc5 15. Nxe7+ Qxe7 16. Bxc5 dxc5 17. Qe2 Rd4 18. b3 Rad8 19. Rd3 Rxd3 20. cxd3 Qd6 21. Rc1 Rd7 22. Kf2 Qxd3 23. Qxd3 Rxd3 24. Rd1 Rd4 25.
Ke1 Kf8 26. Ne2 Rxd1+ 27. Kxd1 b5 28. axb5 cxb5 29. cxb5 Bxb3+ 30. Kd2 Bc4 31. Nc3 Ke7 32. g3 Kd6 33. f4 exf4 34. gxf4 f6 35. Ke3 g5 36.
fxg5 fxg5 37. Kf3 h5 38. Ke3 Bf1 39. Kf2 Bd3 40. Ke3 Bc4 41. Kf3 Ke5 42. Ke3 h4 43.
Na4 Bxb5 44. Nxc5 a5 45. Nb3 a4 46. Nd4 Bd7 47. Nf3+ Kf6 48. Kd4 a3 49. Kc3 Bc6 50. e5+ Kg6 51. Nd4 Bd5 52. h3 a2 53. Kb2 g4 54. hxg4 h3 55. Ne2 Kg5 56. e6 Bxe6 57. Ng1 h2 58. Nf3+ Kxg4 59. Nxh2+ Kf4 60. Nf1 Ke4 61.
Nd2+ Kd3 62. Nf3 Bd5 63. Ne5+ Kd4 64. Nd7 Be6 65. Nb6 Kc5 66. Na4+ Kb4 67. Nc3 Bc4 68.
Nd1 Bb3 69. Nc3 a1=Q+ 70. Kxa1 1/2-1/2

[Event "*** Titled Tuesday Blitz"]
[Site "Chess.com"]
[Date "2020.04.28"]
[Round "9"]
[White "AustrianFalcon"]
[Black "adiosabu"]
[Result "1-0"]
[WhiteElo "2563"]
[BlackElo "2402"]
[TimeControl "180+1"]
[EndTime "11:46:03 PDT"]
[Termination "AustrianFalcon won by checkmate"]

1. e4 c5 2. Nf3 Nc6 3. Bb5 d6 4. O-O Bd7 5. Re1 Nf6 6. c3 a6 7.
Bf1 Bg4 8. h3 Bh5 9. d4 e5 10.
d5 Nb8 11. a4 Bxf3 12. Qxf3 Be7 13. a5 Nbd7 14. Nd2 O-O 15. Nc4 Ne8 16. Bd3 Bg5 17. Bxg5 Qxg5 18. Qg4 Qxg4 19. hxg4 g5 20. f3 Kg7 21. Ra3 Rc8 22. Bc2 Rc7 23. Kf2 Rh8 24. Rh1 Ndf6 25. Ba4 h6 26. Rb3 Kf8 27. Rb6 Ke7 28.
Ne3 Ng7 29. Ra1 h5 30. gxh5 Nfxh5 31. g3 Nf6 32. Kg2 g4 33. Ra3 gxf3+ 34. Kxf3 Rh2 35. Rab3 Nfh5 36. Rxb7 Rxb7 37. Rxb7+ Kf8 38. Ng4 Rh3 39. Nh6 Rxg3+ 40. Kf2 f5 41. Rf7# 1-0

[Event "*** Titled Tuesday Blitz"]
[Site "Chess.com"]
[Date "2020.04.28"]
[Round "9"]
[White "Playgood28"]
[Black "DrVitman"]
[Result "1-0"]
[WhiteElo "2220"]
[BlackElo "2485"]
[TimeControl "180+1"]
[EndTime "11:46:03 PDT"]
[Termination "Playgood28 won on time"]

1. d4 Nf6 2. c4 g6 3. Nc3 d5 4.
e3 Bg7 5. Nf3 O-O 6. b4 Be6 7.
Ne5 Nbd7 8. f4 c6 9. Bb2 a5 10. a3 axb4 11. axb4 Qb6 12. Qb3 dxc4 13. Bxc4 Bxc4 14.
Nxc4 Qc7 15. O-O Nb6 16. h3 Nfd5 17. Nxd5 Nxd5 18. b5 cxb5 19. Qxb5 Rxa1 20. Rxa1 Rd8 21. Rc1 Qd7 22. Qxd7 Rxd7 23. Kf2 h6 24. Ra1 b5 25. Ne5 Bxe5 26. dxe5 Nb4 27. Ke2 Nd3 28. Ra8+ Kg7 29. Bd4 Nb4 30. e6+ 1-0

[Event "*** Titled Tuesday Blitz"]
[Site "Chess.com"]
[Date "2020.04.28"]
[Round "9"]
[White "Sibelephant"]
[Black "Gabix_94"]
[Result "1-0"]
[WhiteElo "3178"]
[BlackElo "2798"]
[TimeControl "180+1"]
[EndTime "11:46:04 PDT"]
[Termination "Sibelephant won by resignation"]

1. d4 Nf6 2. Nf3 g6 3. Bg5 Bg7 4. Nbd2 O-O 5. e3 d5 6. Be2 Nbd7 7. O-O Re8 8. c4 h6 9. Bh4 e5 10. Rc1 e4 11. Ne1 c6 12. cxd5 cxd5 13. Qb3 Re6 14. Bg3 Nf8 15. Qa3 g5 16. Nb1 Bd7 17. Nc3 Ng6 18. Nb5 Bxb5 19. Bxb5 a6 20. Be2 Bf8 21. Qa4 b5 22. Qd1 Bd6 23. Nc2 Kg7 24. Na1 Bxg3 25.
fxg3 Ne7 26. Nb3 Rc8 27. Rxc8 Qxc8 28. Nc5 Rc6 29. Qe1 Ne8 30. Bh5 f5 31. Bxe8 Qxe8 32. g4 Rf6 33. Qg3 f4 34. exf4 Ng6 35. f5 Nf4 36.
Qe3 h5 37. h4 1-0

[Event "*** Titled Tuesday Blitz"]
[Site "Chess.com"]
[Date "2020.04.28"]
[Round "9"]
[White "Alohamora11"]
[Black "ChelsieMonica"]
[Result "0-1"]
[WhiteElo "2512"]
[BlackElo "2371"]
[TimeControl "180+1"]
[EndTime "11:46:04 PDT"]
[Termination "ChelsieMonica won by checkmate"]

1. e4 e5 2. Nf3 Nc6 3. Bb5 a6 4. Ba4 Nf6 5. O-O b5 6. Bb3 Be7 7. d3 O-O 8. Nc3 d6 9. a3 Bg4 10. Be3 Nd4 11. Bxd4 exd4 12. Nd5 c6 13. Nf4 Nh5 14. h3 Nxf4 15. hxg4 c5 16. g3 Ng6 17. Kg2 Rc8 18. Bd5 Bf6 19. Rh1 Ne7 20. Ba2 h6 21. g5 hxg5 22. Nxd4 g6 23. Nf3 Kg7 24.
c3 Rh8 25. Qe2 Qc7 26. Rxh8 Rxh8 27. d4 g4 28. Nh2 cxd4 29. cxd4 Bxd4 30. Nxg4 Nc6 31.
Rc1 Qd7 32. Qd2 Qxg4 33. Rxc6 Be5 34. Qe3 Qh3+ 35. Kf3 Qh5+ 36. Kg2 Qh1# 0-1

[Event "*** Titled Tuesday Blitz"]
[Site "Chess.com"]
[Date "2020.04.28"]
[Round "9"]
[White "mirceaparligras"]
[Black "WIDBIFS"]
[Result "1-0"]
[WhiteElo "2688"]
[BlackElo "2820"]
[TimeControl "180+1"]
[EndTime "11:46:07 PDT"]
[Termination "mirceaparligras won on time"]

1. d4 Nf6 2. c4 g6 3. Nc3 Bg7 4. e4 O-O 5. Be3 d6 6. h3 Na6 7.
Nf3 e5 8. d5 c6 9. g4 cxd5 10.
cxd5 Bd7 11. Nd2 Ne8 12. Qb3 Nc5 13. Bxc5 dxc5 14. Qxb7 Nd6 15. Qa6 Bc8 16. Qa3 f5 17. gxf5 gxf5 18. Qxc5 Qf6 19. O-O-O Bh6 20. Kb1 Bxd2 21.
Rxd2 fxe4 22. Rg1+ Kh8 23. Nb5 Nxb5 24. Bxb5 Bf5 25.
Ka1 Rad8 26. d6 Bg6 27. d7 a6 28. Bc6 e3 29. fxe3 Rf7 30. a3 Re7 31. Ba4 a5 32. Qxa5 Rf7 33. Rc1 Rff8 34. Qc7 Qg5 35. Rd5 Kg8 36.
Qxe5 1-0

[Event "*** Titled Tuesday Blitz"]
[Site "Chess.com"]
[Date "2020.04.28"]
[Round "9"]
[White "bancsoo"]
[Black "Alexander_Zubov"]
[Result "1/2-1/2"]
[WhiteElo "2698"]
[BlackElo "2849"]
[TimeControl "180+1"]
[EndTime "11:46:08 PDT"]
[Termination "Game drawn by agreement"]

1. Nf3 d5 2. d4 Nf6 3. g3 c6 4. Bg2 Bf5 5. c4 e6 6. Nc3 Nbd7 7. Qb3 Qb6 8. c5 Qc7 9. Bf4 Qc8 10. O-O h6 11. a4 b6 12. cxb6 axb6 13. Rfc1 Qb7 14.
Ne5 Nxe5 15. dxe5 Nd7 16. e4 Nc5 17. Qc2 Bh7 18. b4 d4 19. bxc5 dxc3 20. cxb6 Bb4 21. Qb3 c5 22. a5 O-O 23. Rxc3 Rxa5 24. Rxa5 Bxa5 25. Rxc5 Qxb6 26. Rb5 Qc7 27. h4 Bg6 28. Bf3 h5 29. Qa3 Bb6 30. Qd6 Qc3 31. Kg2 Bd4 32.
Qb4 Qxb4 33. Rxb4 Bc3 34. Rc4 Bb2 35. Be2 Rd8 36. f3 Ra8 37. Rc2 Ba1 38. Bd3 Ra5 39. Kf2 Bxe5 40. Bxe5 Rxe5 41. Ke3 1/2-1/2

[Event "*** Titled Tuesday Blitz"]
[Site "Chess.com"]
[Date "2020.04.28"]
[Round "9"]
[White "Bulldog167"]
[Black "Fy_Rakotomaharo"]
[Result "1-0"]
[WhiteElo "2818"]
[BlackElo "2654"]
[TimeControl "180+1"]
[EndTime "11:46:08 PDT"]
[Termination "Bulldog167 won by resignation"]

1. d4 Nf6 2. c4 e6 3. Nf3 d5 4. Nc3 Bb4 5. Bg5 h6 6. Bxf6 Qxf6 7. e3 O-O 8. Rc1 c5 9. cxd5 exd5 10. dxc5 Be6 11. Qd4 Qxd4 12. exd4 Nc6 13. h3 Rfe8 14. Kd2 Na5 15. Bd3 b6 16. cxb6 axb6 17. Kc2 Nc4 18.
Bxc4 dxc4 19. a3 Bf5+ 20. Kd2 Bd6 21. Rce1 Reb8 22. Ne5 b5 23. Nc6 Rb7 24. Ne4 Bf4+ 25. Kc3 Rc8 26. Nb4 Rd7 27. g3 Bb8 28. Nc5 Rdd8 29. g4 Bg6 30. Re2 Ba7 31. f4 Bxc5 32.
dxc5 Bd3 33. Re5 f6 34. Rd5 Rxd5 35. Nxd5 Rxc5 36. Kd4 c3 37. Kxc5 cxb2 38. Nc3 1-0

[Event "*** Titled Tuesday Blitz"]
[Site "Chess.com"]
[Date "2020.04.28"]
[Round "9"]
[White "jposthuma"]
[Black "elisak43"]
[Result "1-0"]
[WhiteElo "2591"]
[BlackElo "2411"]
[TimeControl "180+1"]
[EndTime "11:46:08 PDT"]
[Termination "jposthuma won on time"]

1. d4 Nf6 2. c4 e6 3. g3 c5 4. Nf3 cxd4 5. Nxd4 d5 6. Bg2 e5 7.
Nf3 d4 8. O-O Nc6 9. e3 d3 10.
Nc3 Bb4 11. Nxe5 Nxe5 12. Qa4+ Nc6 13. Bxc6+ bxc6 14. Qxb4 h5 15. b3 h4 16. Ba3 Ng4 17. Rad1 Nxh2 18. Rxd3 Nf3+ 19. Kg2 Qf6 20. Ne4 h3+ 21. Kh1 Qe5 22. Nd6+ Ke7 23. Nxc8+ Kf6 24. Qd6+ Qxd6 25. Nxd6 a5 26. Bb2+ Ke6 27. Ne4 f5 28. Nc5+ Kf7 29. Rd7+ Ke8 30. Bxg7 Rg8 31. Rfd1 a4 32.
Nxa4 1-0

[Event "*** Titled Tuesday Blitz"]
[Site "Chess.com"]
[Date "2020.04.28"]
[Round "9"]
[White "TheMightyBishops"]
[Black "vinodbhagwat1976"]
[Result "0-1"]
[WhiteElo "2007"]
[BlackElo "2227"]
[TimeControl "180+1"]
[EndTime "11:46:08 PDT"]
[Termination "vinodbhagwat1976 won by checkmate"]

1. c4 e6 2. Nc3 Nf6 3. e4 d5 4. e5 d4 5. exf6 dxc3 6. bxc3 Qxf6 7. d4 Qd8 8. Nf3 Be7 9. h4 c5 10. Bd3 cxd4 11. cxd4 Bb4+ 12. Kf1 h6 13. a3 Be7 14. Kg1 Nc6 15. Bb2 O-O 16. Ng5 e5 17. dxe5 Bxg5 18. hxg5 Qxg5 19. Rh5 Qf4 20. g3 Qg4 21.
Rh4 Qxd1+ 22. Rxd1 Rd8 23. g4 Be6 24. g5 hxg5 25.
Bh7+ Kf8 26. Rxd8+ Rxd8 27. Re4 g6 28. a4 Kg7 29.
Ba3 Kxh7 30. Bd6 Bf5 31. Re1 Kg7 32. c5 Nd4 33. Kg2 Be6 34. Rb1 Nf5 35. Rxb7 Bd5+ 36. Kh3 Bxb7 37. a5 Bf3 38. a6 Rh8# 0-1

[Event "*** Titled Tuesday Blitz"]
[Site "Chess.com"]
[Date "2020.04.28"]
[Round "9"]
[White "Berardino"]
[Black "petrkostenko"]
[Result "0-1"]
[WhiteElo "2657"]
[BlackElo "2358"]
[TimeControl "180+1"]
[EndTime "11:46:09 PDT"]
[Termination "petrkostenko won by resignation"]

1. e4 c6 2. d4 d5 3. exd5 cxd5 4. c4 Nf6 5. Nc3 g6 6. Qb3 Bg7 7. cxd5 O-O 8. Be2 Na6 9. Bf3 Nc7 10. Nge2 Rb8 11.
Bf4 b5 12. Rc1 Nfe8 13. O-O Nd6 14. Ne4 Rb6 15. Nxd6 exd6 16. Rc6 Bb7 17. Rxb6 axb6 18. h3 g5 19. Be3 f5 20. Nc3 f4 21. Bd2 Ba6 22.
Ne4 Rf7 23. Bb4 Bf8 24. Rc1 Bb7 25. Nc3 Qf6 26. Ne4 Qg6 27. Nc3 h5 28. Qd1 g4 29.
hxg4 hxg4 30. Bxg4 Nxd5 31. Nxd5 Bxd5 32. Bf3 Qe6 33. b3 Rg7 34. Kf1 Bxf3 35. Qxf3 Qh6 36. Kg1 Rh7 37. g3 Qh2+ 38. Kf1 Qh1+ 39. Ke2 Re7+ 0-1

[Event "*** Titled Tuesday Blitz"]
[Site "Chess.com"]
[Date "2020.04.28"]
[Round "9"]
[White "AnonymusDonkey"]
[Black "Kavyev_Ruslan"]
[Result "0-1"]
[WhiteElo "2352"]
[BlackElo "2486"]
[TimeControl "180+1"]
[EndTime "11:46:09 PDT"]
[Termination "Kavyev_Ruslan won on time"]

1. e4 c5 2. Nf3 d6 3. d4 cxd4 4. Nxd4 Nf6 5. Nc3 a6 6. Bd3 e5 7. Nde2 Be7 8. O-O O-O 9. Ng3 Re8 10. Re1 Nc6 11. Nd5 Be6 12. c4 Bxd5 13. exd5 Nb8 14.
Be3 Nbd7 15. b4 Bf8 16. Rc1 g6 17. Qb3 Rc8 18. f3 b6 19. a4 a5 20. c5 dxc5 21.
bxa5 bxa5 22. Bb5 Qb6 23. Bg5 Red8 24. Ne4 Be7 25. Qd1 Nf8 26. d6 h6 27. Bxf6 Bxf6 28. Nxf6+ Kg7 29. Qe2 Qxd6 30. Ne4 Qd4+ 31. Kh1 Qb4 32.
Nc3 f6 33. Na2 Qa3 34. Rcd1 Ne6 35. Bd7 Nd4 36. Rxd4 cxd4 37. Bxc8 Rxc8 38. Qe4 Rc7 39. Nc1 Qxc1 40. h4 Qf4 0-1

[Event "*** Titled Tuesday Blitz"]
[Site "Chess.com"]
[Date "2020.04.28"]
[Round "9"]
[White "Rafael_Ventura"]
[Black "I_Hit_18K_on_BS"]
[Result "0-1"]
[WhiteElo "2267"]
[BlackElo "2196"]
[TimeControl "180+1"]
[EndTime "11:46:09 PDT"]
[Termination "I_Hit_18K_on_BS won by resignation"]

1. e4 c5 2. c4 Nc6 3. Ne2 e5 4. Nbc3 g6 5. g3 Bg7 6. Bg2 Nge7 7. O-O O-O 8. h3 a6 9. d3 Rb8 10. a4 d6 11. f4 exf4 12. Nxf4 Nd4 13. Nfd5 Nxd5 14. Nxd5 Be6 15. Nf4 Qb6 16. a5 Qb3 17.
Ra3 Qxd1 18. Rxd1 Be5 19. Ra2 Bxf4 20. Bxf4 Ne2+ 21. Kf2 Nxf4 22. gxf4 f5 23. Ke3 fxe4 24. Bxe4 Bxh3 25. Bd5+ Kg7 26. b4 Rfe8+ 27. Kd2 cxb4 28.
Rb2 Bg4 29. Re1 Rxe1 30. Kxe1 Re8+ 31. Kf2 Bc8 32. Rxb4 Re7 33. Rb6 Rd7 34. Be6 Rc7 35. Bxc8 Rxc8 36. Rxb7+ Kf6 37. Rb6 Kf5 38. Rxd6 Kxf4 39.
Rxa6 Rd8 40. Ke2 Re8+ 41. Kd2 g5 42. Rh6 Re7 43. d4 g4 44. d5 Kf3 45. d6 Rd7 46. c5 g3 47. Rh5 g2 48. Rg5 h6 49.
Rg6 h5 50. Kd3 h4 51. Kd4 h3 52. Kd5 h2 53. c6 g1=Q 54. Rxg1 hxg1=Q 55. cxd7 Qg8+ 56. Kc6 Qd8 57. a6 Ke4 58. a7 Ke5 59. a8=Q Qxa8+ 60. Kc7 Qa7+ 61. Kc8 Qa6+ 62. Kc7 Qc4+ 63.
Kb8 Qb4+ 64. Kc8 Qc5+ 65. Kb7 Qxd6 66. Kc8 Qc6+ 67. Kd8 Ke6 0-1

[Event "*** Titled Tuesday Blitz"]
[Site "Chess.com"]
[Date "2020.04.28"]
[Round "9"]
[White "stasiek18"]
[Black "Larina_Marija"]
[Result "0-1"]
[WhiteElo "2316"]
[BlackElo "2188"]
[TimeControl "180+1"]
[EndTime "11:46:10 PDT"]
[Termination "Larina_Marija won on time"]

1. e4 d5 2. exd5 Qxd5 3. Nc3 Qa5 4. d4 Nf6 5. Bc4 Bf5 6. Ne2 e6 7. O-O c6 8. Ng3 Bg6 9. f4 Be7 10. f5 exf5 11. Qe2 Qc7 12. Bf4 Qd7 13. Rae1 Ne4 14. Ncxe4 fxe4 15. c3 O-O 16. Nxe4 Na6 17. Bxa6 bxa6 18.
Qxa6 Qd5 19. Ng3 Bf6 20. Be5 Bg5 21. Qa3 Rfe8 22. Qd6 Qxa2 23. Qxc6 Qxb2 24. c4 Rec8 25. Qf3 a5 26. c5 f6 27. Bf4 Qxd4+ 28. Be3 Bxe3+ 29. Rxe3 Qxc5 30. Kh1 a4 0-1

[Event "*** Titled Tuesday Blitz"]
[Site "Chess.com"]
[Date "2020.04.28"]
[Round "9"]
[White "agrigo3"]
[Black "chessablanca"]
[Result "0-1"]
[WhiteElo "2297"]
[BlackElo "2447"]
[TimeControl "180+1"]
[EndTime "11:46:11 PDT"]
[Termination "chessablanca won on time"]

1. Nf3 d5 2. g3 c6 3. Bg2 Nd7 4. O-O Ngf6 5. d4 e6 6. Nbd2 Bd6 7. c4 O-O 8. Qc2 Re8 9. e4 dxe4 10. Nxe4 Nxe4 11.
Qxe4 e5 12. Bg5 f6 13. Be3 exd4 14. Qxd4 Bc5 15. Qc3 Bxe3 16. fxe3 Qb6 17. Nd4 Nc5 18. b4 Na6 19. a3 c5 20. Bd5+ Kh8 21. bxc5 Nxc5 22.
Rab1 Qd6 23. Nb5 Qe7 24. Rfe1 Bf5 25. Rb2 Nd3 26. Rbe2 Nxe1 27. Rxe1 Qc5 28. Kf2 Rac8 29. Nd4 Qxd5 30. cxd5 Rxc3 31. Nxf5 Re5 32. e4 g6 33. Nd6 Kg7 34. Nxb7 Rxa3 35. d6 Rd3 36. Ra1 a5 0-1

[Event "*** Titled Tuesday Blitz"]
[Site "Chess.com"]
[Date "2020.04.28"]
[Round "9"]
[White "EvgenyRomanov"]
[Black "Bigfish1995"]
[Result "0-1"]
[WhiteElo "2655"]
[BlackElo "3065"]
[TimeControl "180+1"]
[EndTime "11:46:12 PDT"]
[Termination "Bigfish1995 won on time"]

1. c4 e5 2. g3 g6 3. Bg2 Bg7 4. Nc3 Nc6 5. e4 d6 6. Nge2 Nh6 7.
d3 O-O 8. O-O f5 9. exf5 gxf5 10. f4 Kh8 11. Nd5 Be6 12. Kh1 Qd7 13. Rb1 a5 14. Be3 Ng4 15. Bg1 Rae8 16. fxe5 dxe5 17.
d4 e4 18. Nef4 Bg8 19. a3 e3 20. Ne2 b5 21. b3 a4 22. h3 Nf2+ 23. Bxf2 exf2 24.
Rxf2 axb3 25. cxb5 Na5 26. Nec3 Qd6 27. Kh2 Nc4 28.
Qxb3 Ne3 29. Bh1 Bxd4 30. Rd2 Be5 31. Rg1 Bxg3+ 32. Rxg3 Nf1+ 33. Kg1 Nxd2 0-1